 Dungeon Crawl Stone Soup version 0.27.0-1-g7a089689b8 (webtiles) character file.

Game seed: 3929000934195110594

73 DildoBatman the Conjurer (level 4, 0/30 HPs)
             Began as a Formicid Conjurer on Aug 7, 2021.
             Slain by an orc priest (3 damage)
             ... on level 7 of the Dungeon.
             The game lasted 00:04:53 (1428 turns).

DildoBatman the Conjurer (Formicid Conjurer)        Turns: 1428, Time: 00:04:54

Health: 0/30       AC:  3    Str: 12    XL:     4   Next: 51%
Magic:  2/7        EV: 12    Int: 17    God:
Gold:   27         SH:  0    Dex: 10    Spells: 4/7 levels left

rFire    . . .     SeeInvis +   d - +0 mace
rCold    . . .     Faith    .   (no shield)
rNeg     . . .     Spirit   .   a - +0 robe
rPois    .         Reflect  .   (helmet unavailable)
rElec    .         Harm     .   (no cloak)
rCorr    .         Rampage  .   g - +0 pair of gloves
Will     .....                  (no boots)
Stlth    ++........             (no amulet)
HPRegen  0.10/turn              (no ring)
MPRegen  0.10/turn              (no ring)

@: no status effects
A: permanent stasis, dig shafts and tunnels, antennae 3, four strong arms
a: Dig, Shaft Self


You were on level 7 of the Dungeon.
You visited 1 branch of the dungeon, and saw 5 of its levels.

You collected 27 gold pieces.

Inventory:

Hand Weapons
 b - a +0 dagger
 d - a +0 mace (weapon)
Missiles
 c - 26 stones
 f - 36 arrows
Armour
 a - a +0 robe (worn)
 g - a +0 pair of gloves (worn)
Scrolls
 e - a scroll of teleportation {unknown}
 i - a scroll of enchant weapon {unknown}
 j - a scroll of blinking {unknown}
 k - a scroll of torment {unknown}
Potions
 h - 2 potions of might {unknown}


   Skills:
 - Level 1.7 Dodging
 - Level 2.4 Stealth
 - Level 2.1 Spellcasting
 * Level 5.1 Conjurations


You had 4 spell levels left.
You knew the following spells:

 Your Spells              Type           Power      Damage    Failure   Level
a - Searing Ray           Conj           38%        3d4       3%          2
c - Magic Dart            Conj           76%        1d6       2%          1

Your spell library contained the following spells:

 Spells                   Type           Power      Damage    Failure   Level
 Dazzling Flash           Conj/Hex       20%        N/A       21%         3
 Fulminant Prism          Conj/Hex       5%         3d7       54%         4
 Iskenderun's Mystic Bla  Conj/Tloc      10%        2d4       54%         4


Dungeon Overview and Level Annotations

Branches:
Dungeon (3/15)

Altars:
Fedhas
Yredelemnul

Annotations:
D:2 Robin, Terence


Innate Abilities, Weirdness & Mutations

You cannot be hasted, slowed, berserked, paralysed or teleported.
You can dig through walls and to a lower floor.
You have a pair of large antennae on your head. (SInv)
Your four strong arms can wield two-handed weapons with a shield.


Message History

You shout for attention!
You hear an angry hiss. x2
The orc hits you with a +0 club. What are your orders? t - Shout!
Orders for allies: a - Attack new target. r - Retreat! s - Stop attacking. g - Guard the area. f - Follow me.
Anything else - Cancel.
You shout for attention!
The orc closely misses you. What are your orders? t - Shout!
Orders for allies: a - Attack new target. r - Retreat! s - Stop attacking. g - Guard the area. f - Follow me.
Anything else - Cancel.
You shout for attention!
The orc priest hits you from afar with a +0 vorpal trident.
The orc wizard hits you with a +0 dagger.
The orc misses you. What are your orders? t - Shout!
Orders for allies: a - Attack new target. r - Retreat! s - Stop attacking. g - Guard the area. f - Follow me.
Anything else - Cancel.
You shout for attention!
The orc priest hits you from afar with a +0 vorpal trident.
The orc wizard barely misses you. The orc closely misses you.
What are your orders? t - Shout!
Orders for allies: a - Attack new target. r - Retreat! s - Stop attacking. g - Guard the area. f - Follow me.
Anything else - Cancel.
You shout for attention!
The orc priest hits you from afar with a +0 vorpal trident!
You die...

###
..#
#o#
#o#
#@#
#o#
..#
....
...##
...?
.....{
#####.


You could see an orc priest, an orc wizard and an orc.

Vanquished Creatures
  An adder (D:3)
  A worm (D:2)
  6 endoplasms
  16 goblins
  5 hobgoblins
  4 jackals (D:1)
  4 kobolds
  2 ball pythons (D:1)
  7 bats
  2 frilled lizards (D:1)
  5 rats
53 creatures vanquished.

Notes
Turn   | Place    | Note
-------+----------+-------------------------------------------
     0 | D:1      | DildoBatman the Formicid Conjurer began the quest for the
                  | Orb.
     0 | D:1      | Reached XP level 1. HP: 13/13 MP: 3/3
   136 | D:1      | Reached XP level 2. HP: 18/19 MP: 1/5
   157 | D:1      | Learned a level 2 spell: Searing Ray
   173 | D:1      | Reached skill level 4 in Conjurations
   418 | D:1      | Reached XP level 3. HP: 24/24 MP: 1/6
   569 | D:1      | Found a faded altar of an unknown god.
   735 | D:2      | Noticed Terence
   785 | D:2      | Noticed Robin
  1114 | D:3      | Found a blossoming altar of Fedhas.
  1130 | D:3      | Found a basalt altar of Yredelemnul.
  1191 | D:3      | Reached XP level 4. HP: 30/30 MP: 3/7
  1288 | D:3      | Reached skill level 5 in Conjurations
  1383 | D:3      | Noticed an ogre
  1419 | D:2      | You fall into a shaft and drop 2 floors!
  1423 | D:4      | You fall into a shaft and drop 3 floors!
  1428 | D:7      | Slain by an orc priest

Illustrated notes

Levels and vault maps discovered:
D:1:      beargit_arrival_diablo_church, layout_basic,
          dreamdust_ecumenical_altar_angels_and_demons, lemuel_old_faithful
D:2:      minmay_wonky_spiral, layout_loops_ring, uniq_robin, uniq_terence
D:3:      layout_rooms, mainiacjoe_overflow_surrounded_room,
          yredelemnul_altar_generic, doesnt_xom_only_xom,
          nicolae_sif_muna_little_library, minmay_ogre_servants
D:4:      layout_cave_pods
D:7:      layout_basic, jmf_multi_god_temple, minmay_temple_entry_junction

Skill      XL: |  1  2  3  4 |
---------------+-------------+-----
Conjurations   | 4 5 |  5.1
Dodging        | |  1.7
Stealth        | |  2.4
Spellcasting   | |  2.1

Action                   |  1- 3 |  4- 6 || total
-------------------------+-------+-------++-------
Melee: Dagger            |     2 |       ||     2
       Mace              |    20 |       ||    20
 Cast: Magic Dart        |    48 |    11 ||    59
       Searing Ray       |     4 |     3 ||     7
 Abil: Dig               |     5 |       ||     5
       Shaft Self        |       |     2 ||     2
 Stab: Sleeping          |     1 |       ||     1
Armor: Robe              |     5 |       ||     5
Dodge: Dodged            |    32 |     6 ||    38
